 Dungeon Crawl Stone Soup version 0.30-a0-12-gd8047c6341 (webtiles) character file.

Game seed: 4108487263906952087

184 spiderkeys the Stinger (level 5, -1/31 HPs)
             Began as an Octopode Venom Mage on Aug 23, 2022.
             Slain by a black bear (8 damage)
             ... on level 4 of the Dungeon.
             The game lasted 00:08:07 (3755 turns).

spiderkeys the Stinger (Octopode Venom Mage)        Turns: 3755, Time: 00:08:07

Health: -1/31      AC:  1    Str:  8    XL:     5   Next: 63%
Magic:  2/10       EV: 13    Int: 19    God:
Gold:   190        SH:  0    Dex: 18    Spells: 7/10 levels left

rFire   . . .      SeeInvis .    t - +2 dagger (elec)
rCold   . . .      Faith    .    (no shield)
rNeg    + . .      Spirit   .    (helmet restricted)
rPois   .          Reflect  .    i - amulet of magic regeneration
rElec   .          Harm     .    N - ring of positive energy
rCorr   .          Rampage  .    D - +6 ring of dexterity
Will    .....                    (no ring)
Stlth   +++.......               (no ring)
HPRegen 0.10/turn                (no ring)
MPRegen 0.52/turn                (no ring)
                                 (no ring)
                                 (no ring)

@: very slightly contaminated
A: almost no armour, amphibious, 8 rings, camouflage 1, gelatinous body 1,
(nimble swimmer 1), tentacles
a: no special abilities


You were on level 4 of the Dungeon.
You visited 1 branch of the dungeon, and saw 4 of its levels.

You collected 190 gold pieces.


Innate Abilities, Weirdness & Mutations

You cannot wear most types of armour.
You are amphibious.
You can wear up to eight rings at the same time.
Your skin changes colour to match your surroundings (Stealth+).
Your rubbery body absorbs attacks. (AC +1, EV +1)
((You are camouflaged when in or above water. (Stealth+)))
You have tentacles for arms and can constrict up to eight enemies at once.


   Skills:
 - Level 2.0 Dodging
 - Level 2.6 Stealth
 + Level 3.4 Spellcasting
 - Level 3.0 Transmutations
 + Level 5.2 Poison Magic


You had 7 spell levels left.
You knew the following spells:

 Your Spells              Type           Power      Damage    Failure   Level
p - Poisonous Vapours     Pois/Air       26%        N/A       8%          2
s - Sting                 Tmut/Pois      72%        1d6       2%          1

Your spell library contained the following spells:

 Spells                   Type           Power      Damage    Failure   Level
 Magic Dart               Conj           12%        1d3       14%         1
 Olgreb's Toxic Radiance  Pois           23%        N/A       17%         4
 Call Imp                 Summ           3%         N/A       22%         2
 Mephitic Cloud           Conj/Pois/Air  9%         N/A       22%         3
 Alistair's Intoxication  Tmut/Pois      12%        N/A       58%         5
 Borgnjor's Vile Clutch   Necr/Erth      1%         N/A       99%         5
 Eringya's Noxious Bog    Tmut/Pois      9%         N/A       99%         6

Inventory:

Hand Weapons
 a - a +1 dagger
   (You found it on level 1 of the Dungeon)
 b - a +0 sling
   (You found it on level 1 of the Dungeon)
 t - a +2 dagger of electrocution (weapon)
   (You found it on level 3 of the Dungeon)
 u - a +0 dagger of venom
   (You found it on level 3 of the Dungeon)
Missiles
 o - 23 stones
 q - 2 throwing nets {=f!f}
Armour
 s - an orb of guile
   (You found it on level 3 of the Dungeon)
Jewellery
 i - an amulet of magic regeneration (around mantle)
   (You found it on level 1 of the Dungeon)
 D - a +6 ring of dexterity (right tentacle)
   (You found it on level 4 of the Dungeon)
 N - a ring of positive energy (left tentacle)
   (You found it on level 3 of the Dungeon)
Scrolls
 c - a scroll of torment {!r}
 e - a scroll of fog
 f - 5 scrolls of noise {!r}
 k - a scroll of magic mapping {!r}
 p - 5 scrolls of teleportation {@r4}
 r - a scroll of enchant weapon
 v - a scroll of amnesia {unknown}
 w - a scroll of identify {@r1}
Potions
 d - 2 potions of might {unknown}
 g - a potion of magic
 h - a potion of lignification {unknown}
 j - a potion of berserk rage {unknown}
 l - 2 potions of haste {unknown}
 m - 2 potions of flight {unknown}
 n - 2 potions of mutation {unknown}

Dungeon Overview and Level Annotations

Branches:
Dungeon (4/15) Zot: 20222
 Temple: D:4-7

Altars:
Dithmenos
Okawaru
The Shining One

Shops:
D:2 (

Annotations:
D:3 3 runed translucent doors, HypermagicGuardian's ghost, amateur SpBr
D:4 exclusion: ice beast

#. #......... #รท# #.
#.###.###.#.#### #.###)
#####..............#
#.).).
#.......#.##.##.##.#
#######
#.#####......##.##.##.#
#.#####...#####.....Y(#
#.##......#### #.#
#.#..##......# #.#
#..#.##.####@# #.#
##.###...# #h# #.######
#.###.#.## ... #......#
##.#.#.## ....>
######.#
##.###.###.[...# #.#
#.## ##.##.....# #.#
##.###.###.....#
#####.# ##.#.##
##########.....# ##.##
#.......#.#####


You could see a black bear (berserk, extremely poisoned).


Message History

D - a +6 ring of dexterity You feel agile.
D - a +6 ring of dexterity (right tentacle)
Found an escape hatch in the floor.
You see here a scarf of harm.
You pick up Great Wizards, Vol.
II and begin reading...
You add the spells Alistair's Intoxication, Borgnjor's Vile Clutch and Eringya's Noxious Bog to your library.
Okay, then.
Unknown command.
Key pressed, stopping explore.
Key pressed, stopping explore.
An ice beast comes into view.
Found a stone staircase leading down.
A black bear comes into view.
Casting: Poisonous Vapours (safe; 8% risk of failure)
Confirm with . or Enter, or press ? or * to list all spells.
Aiming: Poisonous Vapours (safe; 8% risk of failure)
Press: ? - help, Dir - move target, f - black bear
Aim: a black bear (asleep) Poisonous vapours surround the black bear!
The black bear is poisoned.
The black bear growls angrily. ๐Ÿ˜Ž MP[-2]
You lost 2 mp, and now have 8/10 mp.
Casting: Poisonous Vapours (safe; 8% risk of failure)
Confirm with . or Enter, or press ? or * to list all spells.
Aiming: Poisonous Vapours (safe; 8% risk of failure)
Press: ? - help, Dir - move target, f/p - black bear
Aim: a black bear (lightly wounded, poisoned) Poisonous vapours surround the black bear!
The black bear looks even sicker. ๐Ÿ˜Ž MP[-1]
You lost 1 mp, and now have 7/10 mp.
Casting: Poisonous Vapours (safe; 8% risk of failure)
Confirm with . or Enter, or press ? or * to list all spells.
Aiming: Poisonous Vapours (safe; 8% risk of failure)
Press: ? - help, Dir - move target, f/p - black bear
Aim: a black bear (lightly wounded, very poisoned)
You miscast Poisonous Vapours.
You are very lightly contaminated with residual magic.
Nothing appears to happen.
The black bear misses you.
The black bear closely misses you. x2 ๐Ÿ˜Ž MP[-2]
You lost 2 mp, and now have 5/10 mp.
Casting: Poisonous Vapours (safe; 8% risk of failure)
Confirm with . or Enter, or press ? or * to list all spells.
Aiming: Poisonous Vapours (safe; 8% risk of failure)
Press: ? - help, Dir - move target, f/p - black bear
Aim: a black bear (lightly wounded, very poisoned) Poisonous vapours surround the black bear!
The black bear looks even sicker.
The black bear barely misses you. The black bear closely misses you.
The black bear claws you. ๐Ÿ˜• HP[-4] MP[-1]
You take 4 damage, and now have 27/31 hp.
You lost 1 mp, and now have 4/10 mp.
Casting: Poisonous Vapours (safe; 8% risk of failure)
Confirm with . or Enter, or press ? or * to list all spells.
Aiming: Poisonous Vapours (safe; 8% risk of failure)
Press: ? - help, Dir - move target, f/p - black bear
Aim: a black bear (moderately wounded, very poisoned)
You miscast Poisonous Vapours.
Nothing appears to happen.
The black bear barely misses you.
The black bear claws you. x2 ๐Ÿ˜ฎ HP[-8] MP[-2]
You take 8 damage, and now have 19/31 hp.
MASSIVE DAMAGE!! (PAUSE)
You lost 2 mp, and now have 2/10 mp.
Casting: Poisonous Vapours (safe; 8% risk of failure)
Confirm with . or Enter, or press ? or * to list all spells.
Aiming: Sting (safe; 2% risk of failure)
Press: ? - help, Shift-Dir - straight line, f/p - black bear
Aim: a black bear (moderately wounded, very poisoned, 81% to hit)
The sting hits the black bear but does no damage.
The black bear looks as sick as possible!
The black bear barely misses you.
The black bear claws you but does no damage.
The black bear closely misses you.
Casting: Sting (safe; 2% risk of failure)
Confirm with . or Enter, or press ? or * to list all spells.
Aiming: Sting (safe; 2% risk of failure)
Press: ? - help, Shift-Dir - straight line, f/p - black bear
Aim: a black bear (moderately wounded, extremely poisoned, 81% to hit)
The sting hits the black bear.
The black bear looks as sick as possible!
The black bear bites you.
* * * LOW HITPOINT WARNING * * *
The black bear claws you.
* * * LOW HITPOINT WARNING * * *
The black bear claws you.
* * * LOW HITPOINT WARNING * * *
๐Ÿ˜ฑ HP[-13] MP[-1]
You take 13 damage, and now have 6/31 hp.
MASSIVE DAMAGE!! (PAUSE)
You lost 1 mp, and now have 1/10 mp.
You closely miss the black bear. You grab the black bear.
You constrict the black bear.
The black bear goes berserk! ๐Ÿ˜ฑ HP[+1] MP[+1]
You hit the black bear. You constrict the black bear. The black bear bites you!
You die...

Skill      XL: |  1  2  3  4  5 |
---------------+----------------+-----
Poison Magic   | 4 5 |  5.2
Transmutations | 2 3 |  3.0
Spellcasting   | 3 |  3.4
Dodging        | |  2.0
Stealth        | |  2.6

Action                   |  1- 3 |  4- 6 || total
-------------------------+-------+-------++-------
Melee: Tentacles         |     1 |     4 ||     5
       Constrict         |     1 |     7 ||     8
       Sling             |     1 |       ||     1
       Dagger            |       |    32 ||    32
       Punch             |       |     2 ||     2
 Fire: Sling             |    61 |       ||    61
 Cast: Sting             |    41 |    30 ||    71
       Poisonous Vapours |       |    15 ||    15
  Use: Scroll            |     6 |       ||     6
Armor: Skin              |     3 |     2 ||     5
Dodge: Dodged            |    19 |    27 ||    46

Levels and vault maps discovered:
D:1:      lightli_arrival_chessboard, layout_loops_corners,
          basic_ecumenical_altar, hangedman_decor_points
D:2:      layout_basic, serial_shops, shop
D:3:      layout_rooms, okawaru_ov_weapons_minmay,
          nicolae_dithmenos_through_a_glass_darkly,
          mainiacjoe_overflow_surrounded_room, ebering_ghost_rock_garden
D:4:      layout_loops_cross, overflow_temple_1_default,
          minmay_temple_entry_stoned_glass

Notes
Turn   | Place    | Note
-------+----------+-------------------------------------------
     0 | D:1      | spiderkeys the Octopode Venom Mage began the quest for the
                  | Orb.
     0 | D:1      | Reached XP level 1. HP: 11/11 MP: 3/3
     0 | D:1      | magus.rc [v1.11.3]
   355 | D:1      | Reached XP level 2. HP: 15/17 MP: 3/5
   528 | D:1      | Reached skill level 4 in Poison Magic
   606 | D:1      | Found a faded altar of an unknown god.
  1129 | D:2      | Reached XP level 3. HP: 21/21 MP: 6/6
  1134 | D:2      | You pick up a book of Minor Magic and begin reading...
  1134 | D:2      | You add the spells Magic Dart and Call Imp to your library.
  1141 | D:2      | Found Gyvapp's Weapon Shoppe.
  1145 | D:2      | Learned a level 2 spell: Poisonous Vapours
  1352 | D:2      | Reached skill level 2 in Transmutations
  2067 | D:3      | Found a glowing golden altar of the Shining One.
  2227 | D:3      | Reached XP level 4. HP: 27/27 MP: 6/8
  2269 | D:3      | Found an iron altar of Okawaru.
  2345 | D:3      | Found a runed translucent gate.
  2345 | D:3      | Found a runed translucent gate.
  2347 | D:3      | Found a runed translucent gate.
  2365 | D:3      | Noticed HypermagicGuardian's ghost (amateur SpBr)
  2397 | D:3      | Found a shadowy altar of Dithmenos.
  2707 | D:4      | Noticed a necrophage
  3112 | D:4      | Reached skill level 3 in Spellcasting
  3112 | D:4      | Reached XP level 5. HP: 24/31 MP: 4/9
  3120 | D:4      | Reached skill level 5 in Poison Magic
  3199 | D:4      | Reached skill level 3 in Transmutations
  3604 | D:4      | You add the spells Alistair's Intoxication, Borgnjor's Vile
                  | Clutch and Eringya's Noxious Bog to your library.
  3684 | D:4      | Noticed an ice beast
  3734 | D:4      | Noticed a black bear
  3753 | D:4      | HP: 6/31 [black bear (4)]
  3755 | D:4      | Slain by a black bear

Vanquished Creatures
  An orc priest (D:4)
  2 orc wizards (D:4)
  2 adders
  An ufetubus (D:4)
  4 dart slugs
  An orc (D:4)
  2 bats
  8 endoplasms
  6 giant cockroaches
  4 goblins
  12 hobgoblins
  2 jackals (D:4)
  3 quokkas
  2 ball pythons
  2 frilled lizards
  6 kobolds
  9 rats
67 creatures vanquished.

Table legend:
 A = Non-vault XP
 B = Vault XP
 C = Vault XP percentage of total XP
 D = Non-vault monster count
 E = Vault monster count
 F = Vault count percentage of total count
                 A         B        C        D         E       F
            +---------+---------+-------+---------+---------+-------
      Total |     263 |       0 |   0.0 |      67 |       0 |   0.0
            +---------+---------+-------+---------+---------+-------
        D:1 |      30 |       0 |   0.0 |      16 |       0 |   0.0
        D:2 |      42 |       0 |   0.0 |      18 |       0 |   0.0
        D:3 |      52 |       0 |   0.0 |      21 |       0 |   0.0
        D:4 |     139 |       0 |   0.0 |      12 |       0 |   0.0
            +---------+---------+-------+---------+---------+-------

Illustrated notes

Table legend:
 A = Kills in this place as a percentage of kills in entire the game.
 B = Kills by you in this place as a percentage of kills by you in the entire game.
 C = Kills by friends in this place as a percentage of kills by friends in the entire game.
 D = Other kills in this place as a percentage of other kills in the entire game.
 E = Experience gained in this place as a percentage of experience gained in the entire game.
 F = Experience gained in this place divided by the number of levels of this place that you have seen.
                   A       B       C       D       E      F
               +-------+-------+-------+-------+-------+----------------------
         Total | 100.0 | 100.0 |   N/A |   N/A | 100.0 |  65.8
       Dungeon | 100.0 | 100.0 |   N/A |   N/A | 100.0 |  65.8
               +-------+-------+-------+-------+-------+----------------------

Table legend: (Time is in decaauts)
 A = Elapsed time spent in this place.
 B = Non-inter-level travel time spent in this place.
 C = Inter-level travel time spent in this place.
 D = Time resting spent in this place.
 E = Time spent auto-exploring this place.
 F = Levels seen in this place.
 G = Mean time per level.
                   A        B        C        D        E       F      G
               +--------+--------+--------+--------+--------+-----+--------+
         Total |   3776 |   3610 |    166 |    368 |   2755 |   4 |  944.0 |
       Dungeon |   3776 |   3610 |    166 |    368 |   2755 |   4 |  944.0 |
               +--------+--------+--------+--------+--------+-----+--------+

Top non-repeatable levels by time:
     D:1: 1119 daAuts
     D:2: 943 daAuts
     D:3: 935 daAuts
     D:4: 777 daAuts
